 Dungeon Crawl Stone Soup version 0.29.1-12-g30fa7ad0bf (webtiles) character file.

Game seed: 16329598727083422320

3240 Mune the Frost Mage (level 9, -4/41 HPs)
             Began as a Vine Stalker Ice Elementalist on Jan 14, 2023.
             Was an Initiate of Gozag.
             Slain by a two-headed ogre
             ... wielding a +0 giant club
              (25 damage)
             ... on level 8 of the Dungeon.
             The game lasted 00:37:31 (9127 turns).

Mune the Frost Mage (Vine Stalker Ice Elementalist) Turns: 9127, Time: 00:37:31

Health: -4/41      AC: 13    Str: 11    XL:     9   Next: 99%
Magic:  0/22       EV: 17    Int: 25    God:    Gozag
Gold:   852        SH:  5    Dex: 15    Spells: 7/25 levels left

rFire   + . .      SeeInvis .   t - staff of cold
rCold   + + .      Faith    .   (no shield)
rNeg    . . .      Spirit   +   A - +1 robe {rC+ rF+}
rPois   .          Reflect  +   (no helmet)
rElec   .          Harm     .   u - scarf {repulsion}
rCorr   .          Rampage  .   (no gloves)
Will    +....                   (no boots)
Stlth   +++.......              k - amulet of reflection
HPRegen 0.93/turn               e - +4 ring of evasion
MPRegen 0.18/turn               y - +6 ring of intelligence

@: ice-armoured, spiked, gold aura, repel missiles
A: fangs 3, regeneration 1, magic shield, antimagic bite, no potion heal 2
a: Renounce Religion, Potion Petition, Call Merchant, Bribe Branch


You were on level 8 of the Dungeon.
You worshipped Gozag.
Gozag was pleased with you.
You visited 1 branch of the dungeon, and saw 8 of its levels.

You collected 1193 gold pieces.
You spent 327 gold pieces at shops.
You paid 14 gold pieces to Gozag.

Inventory:

Hand Weapons
 f - a +0 dagger
 l - a +0 hand axe of venom
Armour
 a - a +0 robe
 u - a scarf of repulsion (worn)
 A - a +1 robe of resistance (worn)
 E - a +2 robe of fire resistance
Magical Staves
 t - a staff of cold (weapon)
Jewellery
 b - a +6 ring of dexterity
 e - a +4 ring of evasion (left hand)
 k - an amulet of reflection (around neck)
 y - a +6 ring of intelligence (right hand)
 F - an amulet of magic regeneration
Wands
 i - a wand of polymorph (11) (quivered)
 I - a wand of flame (9)
 K - a wand of iceblast (12)
Scrolls
 g - 2 scrolls of magic mapping
 s - a scroll of poison
 w - 2 scrolls of blinking
 x - 2 scrolls of enchant weapon
 C - a scroll of silence
 D - a scroll of torment {unknown}
 G - 2 scrolls of amnesia
Potions
 c - a potion of heal wounds
 h - a potion of curing
 m - a potion of mutation {unknown}
 n - 2 potions of might {unknown}
 o - a potion of resistance {unknown}
 p - a potion of ambrosia {unknown}
 q - a potion of berserk rage {unknown}
 r - 3 potions of brilliance
 v - 4 potions of cancellation
 z - a potion of haste {unknown}
 B - 2 potions of lignification {unknown}
 J - 2 potions of flight {unknown}


   Skills:
 + Level 1.0 Fighting
 + Level 0.4 Axes
 + Level 1.0 Staves
 + Level 3.1 Dodging
 + Level 4.4 Stealth
 + Level 1.8 Shields
 + Level 0.8 Unarmed Combat
 + Level 8.9 Spellcasting
 + Level 1.4 Conjurations
 + Level 1.2 Hexes
 + Level 9.3 Ice Magic
 + Level 1.6 Air Magic
 + Level 0.1 Evocations


You had 7 spell levels left.
You knew the following spells:

 Your Spells              Type           Power      Damage    Failure   Level
a - Freeze                Ice            100%       1d11      1%          1
b - Frozen Ramparts       Ice            100%       1d16      1%          3
c - Hailstorm             Conj/Ice       55%        3d12      6%          4
d - Ozocubu's Armour      Ice            72%        N/A       1%          3
e - Swiftness             Air            19%        N/A       9%          3
f - Shock                 Conj/Air       72%        1d7       3%          1
g - Summon Guardian Gole  Hex/Summ       14%        N/A       13%         3

Your spell library contained the following spells:

 Spells                   Type           Power      Damage    Failure   Level
 Summon Small Mammal      Summ           44%        N/A       5%          1
 Blink                    Tloc           22%        N/A       9%          2
 Call Canine Familiar     Summ           11%        N/A       17%         3
 Airstrike                Air            9%         2d(2-18)  28%         4
 Summon Forest            Summ/Tloc      5%         N/A       83%         5
 Corpse Rot               Necr/Pois/Air  Unusable   N/A       N/A         4
 Animate Dead             Necr           Unusable   N/A       N/A         4

Dungeon Overview and Level Annotations

Branches:
Dungeon (8/15)             Temple (0/1) D:4
   Lair: D:8-11

Altars:
Ashenzari
Gozag
Qazlal
Wu Jian
Xom

Shops:
D:1 *   D:3 [

Annotations:
D:8 Amaemon


Innate Abilities, Weirdness & Mutations

You have razor-sharp teeth.
Your natural rate of healing is unusually fast.
When hurt, damage is shared between your health and your magic reserves.
Your bite disrupts and absorbs the magic of your enemies.
Potions cannot restore your health.


Message History

The volley of spikes misses the manticore.
The wall freezes the kobold brigand!
The kobold brigand completely misses you.
A wight comes into view. It is wielding a +2 hand axe.
A wight comes into view. It is wielding a +0 dagger.
The wall freezes the wight but does no damage.
The wight is distracted by your dazzling golden aura.
The wall freezes the two-headed ogre!
The two-headed ogre closely misses you.
The two-headed ogre hits you but does no damage.
As you read the scroll of butterflies, it crumbles to dust.
You hear the tinkle of a tiny bell.
The manticore is distracted by your dazzling golden aura.
The wall freezes the kobold brigand!
You kill the kobold brigand!
The wight completely resists.
The wall freezes the wight but does no damage.
Your Hexes skill increases to level 1!
Unknown command.
Casting: Freeze (safe; 1% risk of failure)
Confirm with . or Enter, or press ? or * to list all spells.
Aiming: Shock (safe; 3% risk of failure)
Press: ? - help, Shift-Dir - straight line, f - two-headed ogre
Aim: a two-headed ogre, wielding two +0 giant clubs (heavily wounded, ally target, 86% to hit)
The zap hits the two-headed ogre.
The two-headed ogre is heavily wounded.
The wall freezes the wight but does no damage.
The wight hits your butterfly with a +2 hand axe!
Your butterfly dies!
Your butterfly disappears in a burst of colours!
The wall freezes the two-headed ogre!
The two-headed ogre hits you with a +0 giant club!
The two-headed ogre closely misses you.
You hit the two-headed ogre. You bite the two-headed ogre. You drain its power.
You feel invigorated.
The two-headed ogre is severely wounded.
The frozen ramparts melt away.
The two-headed ogre hits you with a +0 giant club!!
Ouch! That really hurt!
You die...
Your body crumbles into a pile of gold.

(.........#
#......##c#.
#........... .
#...........
..#+##..####.....
.......z# ....
......zz# ..)
.o.....O##+#....$
.....bbb@bb......
......b.$.bb....
....b.bbbb...b..
..##'#..#+##H...
..#..#..# ...
#..#..# .# #.
#..# # #... ....


You could see a two-headed ogre (ally target), a manticore (ally target), 3
wights and an orc.

Vanquished Creatures
  Grinder (D:5)
  Sigmund (D:6)
  Eustachio (D:6)
  A wyvern (D:8)
  A golden eye (D:7)
  A steam dragon (D:7)
  An ice beast (D:6)
  2 black bears
  An ogre (D:6)
  A centaur (D:8)
  A phantom (D:6)
  5 kobold brigands
  4 bullfrogs
  2 necrophages
  A gnoll sergeant (D:5)
  3 scorpions
  4 howler monkeys
  2 orc priests
  2 jellies
  2 hounds
  4 iguanas
  A gnoll bouda (D:5)
  Natasha (D:3)
  4 orc wizards
  Robin (D:3)
  18 gnolls
  8 adders
  An ufetubus (D:2)
  A worm (D:4)
  A dart slug (D:2)
  21 orcs
  5 endoplasms
  2 giant cockroaches (D:1)
  12 goblins
  13 hobgoblins
  9 jackals
  3 quokkas
  7 ball pythons
  4 bats
  4 frilled lizards (D:1)
  19 kobolds
  A rat (D:1)
177 creatures vanquished.

Vanquished Creatures (others)
  14 plants (D:8)
14 creatures vanquished.

Grand Total: 191 creatures vanquished

Notes
Turn   | Place    | Note
-------+----------+-------------------------------------------
     0 | D:1      | Mune the Vine Stalker Ice Elementalist began the quest for
                  | the Orb.
     0 | D:1      | Reached XP level 1. HP: 9/9 MP: 4/4
    34 | D:1      | Found a faded altar of an unknown god.
   439 | D:1      | Found Pecioqixu's Assorted Antiques.
   577 | D:1      | Reached XP level 2. HP: 7/13 MP: 1/6
  1557 | D:2      | Reached XP level 3. HP: 10/16 MP: 2/7
  1917 | D:2      | Learned a level 3 spell: Frozen Ramparts
  2199 | D:2      | Gained mutation: Your natural rate of healing is unusually
                  | fast. [Vine Stalker growth]
  2199 | D:2      | Reached XP level 4. HP: 11/21 MP: 3/9
  2300 | D:2      | Found an opulent altar of Gozag.
  2308 | D:2      | Became a worshipper of Gozag Ym Sagoz the Greedy
  3154 | D:3      | Noticed Robin
  3164 | D:3      | Killed Robin
  3522 | D:3      | Found an ornate altar of the Wu Jian Council.
  3531 | D:3      | Reached skill level 5 in Ice Magic
  3531 | D:3      | Reached XP level 5. HP: 24/24 MP: 7/10
  3678 | D:3      | Noticed Natasha
  3685 | D:3      | Killed Natasha
  3728 | D:3      | Found Qecoupt's Armour Boutique.
  4169 | D:4      | Learned a level 4 spell: Hailstorm
  4396 | D:4      | Reached XP level 6. HP: 28/28 MP: 7/12
  4649 | D:4      | Found a stormy altar of Qazlal.
  4706 | D:4      | Found a staircase to the Ecumenical Temple.
  4808 | D:3      | Bought a +1 robe of resistance for 327 gold pieces
  4822 | D:3      | Learned a level 3 spell: Ozocubu's Armour
  4850 | D:3      | You fall into a shaft and drop 3 floors!
  4854 | D:6      | Noticed an ice beast
  5102 | D:6      | Killed an ice beast
  5103 | D:6      | Reached skill level 1 in Shields
  5103 | D:6      | Reached XP level 7. HP: 32/32 MP: 14/14
  5116 | D:6      | Learned a level 3 spell: Swiftness
  5143 | D:6      | Reached skill level 6 in Ice Magic
  5177 | D:5      | Entered Level 5 of the Dungeon
  5360 | D:5      | Reached skill level 5 in Spellcasting
  5445 | D:5      | Reached skill level 1 in Staves
  5457 | D:5      | HP: 1/32 [poisoned by a gnoll]
  5813 | D:5      | Noticed Grinder
  5827 | D:5      | Gained mutation: You have razor-sharp teeth. [Vine Stalker
                  | growth]
  5827 | D:5      | Reached XP level 8. HP: 19/37 MP: 1/17
  6211 | D:5      | Reached skill level 1 in Fighting
  6226 | D:5      | Reached skill level 7 in Ice Magic
  6318 | D:5      | Paralysed by Grinder for 3 turns
  6343 | D:5      | Killed Grinder
  6618 | D:5      | Found a broken altar of Ashenzari.
  6806 | D:6      | Got Witofece's Codex of Discontinuous Unhallowed Magic
  6809 | D:6      | Learned a level 1 spell: Shock
  7153 | D:6      | Reached skill level 1 in Conjurations
  7153 | D:6      | Reached XP level 9. HP: 41/41 MP: 1/20
  7301 | D:6      | Found a shimmering altar of Xom.
  7416 | D:6      | Noticed Sigmund
  7423 | D:6      | Killed Sigmund
  7469 | D:6      | Learned a level 3 spell: Summon Guardian Golem
  7499 | D:6      | Reached skill level 8 in Ice Magic
  7648 | D:6      | Noticed Eustachio
  7671 | D:6      | Killed Eustachio
  8505 | D:7      | Reached skill level 1 in Air Magic
  9021 | D:8      | Reached skill level 9 in Ice Magic
  9022 | D:8      | Noticed Amaemon
  9028 | D:8      | Noticed an orange demon
  9031 | D:8      | Paralysed by Amaemon for 3 turns
  9032 | D:8      | HP: 2/41 [centaur (1)]
  9116 | D:8      | Noticed a two-headed ogre
  9117 | D:8      | Noticed a manticore
  9126 | D:8      | Reached skill level 1 in Hexes
  9127 | D:8      | Slain by a two-headed ogre

Illustrated notes

Levels and vault maps discovered:
D:1:      dpeg_arrival_round_a, layout_basic, serial_shops,
          nicolae_shop_hallway_stairs, basic_ecumenical_altar
D:2:      layout_basic, basic_altar, minmay_small_reverse_x
D:3:      layout_loops_ring, marbit_many_paths, serial_shops,
          nicolae_shop_behind_doors, uniq_natasha, uniq_robin
D:4:      layout_loops_ring, grunt_qazlal_clouds, minmay_temple_entry_arrows,
          minmay_misc_feat_tiny
D:5:      cheibrodos_thug_alley, layout_rooms, mainiacjoe_overflow_alcove_1,
          lightli_minifort, uniq_grinder
D:6:      layout_basic, xom_teletrap_fun, uniq_eustachio, uniq_sigmund
D:7:      layout_basic
D:8:      kennysheep_town, uniq_prince_ribbit1, uniq_gastronok, uniq_amaemon

Skill      XL: |  1  2  3  4  5  6  7  8  9 |
---------------+----------------------------+-----
Spellcasting   | 3 4 5 7 8 |  8.9
Dodging        | 2 3 |  3.1
Ice Magic      | 5 6 7 9 |  9.3
Stealth        | 3 4 |  4.4
Shields        | 1 |  1.8
Staves         | 1 |  1.0
Fighting       | 1 |  1.0
Conjurations   | 1 |  1.4
Air Magic      | 1 |  1.6
Hexes          | 1 |  1.2
Axes           | |  0.4
Unarmed Combat | |  0.8
Evocations     | |  0.1

Action                   |  1- 3 |  4- 6 |  7- 9 || total
-------------------------+-------+-------+-------++-------
Melee: Unarmed           |     8 |       |       ||     8
       Bite              |     2 |    25 |    15 ||    42
       Dagger            |     1 |       |       ||     1
       Hand axe          |     6 |    14 |       ||    20
       Staff             |       |    54 |    45 ||    99
       Punch             |       |       |     1 ||     1
 Cast: Freeze            |    50 |    44 |   121 ||   215
       Frozen Ramparts   |     3 |    11 |    34 ||    48
       Ozocubu's Armour  |       |     3 |    12 ||    15
       Hailstorm         |       |       |     2 ||     2
       Shock             |       |       |    28 ||    28
       Swiftness         |       |       |     2 ||     2
       Summon Guardian G |       |       |     2 ||     2
Evoke: Wand              |       |       |     2 ||     2
  Use: Scroll            |       |     7 |     9 ||    16
       Potion            |       |     1 |     4 ||     5
 Stab: Distracted        |       |     3 |       ||     3
Armor: Robe              |     6 |    25 |    26 ||    57
Dodge: Dodged            |    52 |    67 |   150 ||   269
       Repelled          |       |       |     1 ||     1
Block: Other             |     6 |    25 |    39 ||    70
       Reflection        |     1 |       |     3 ||     4
